cohdb
Replays
Latest Replays
All Replays
Popular Replays
Top Player Replays
Match Explorer
How It Works
Community
CoH3 Stats
Reddit
Sign in to upload your games and track your stats! →
Sign in with Steam
Match 41958866
Unlisted
Match 41958866
Overview
Messages
Build Orders
End
Royal Engineer Section
Construct Section Command Post
Selects Heavy Armor Battlegroup
Infantry Section
Infantry Section
Infantry Section
Construct Platoon Command Post
Humber Armored Car
Construct Field Infirmary
6-pounder Anti-tank Gun Team
Grenade Package
Selects Engineer Detachments
Selects Forward Repair Assembly
Infantry Training
ML 3-inch Mortar Team
6-pounder Anti-tank Gun Team
Team Weapon Training
Infantry Section
Selects Churchill Black Prince Heavy Tank
Churchill Black Prince Heavy Tank
Makros
Nostalgi@
0
0
Comments
sign in to comment!
No comments posted yet!